AoeStats
← bastull

MegaRandom

506288231Analyzed
3v3 RM · 21d ago on Sep 13, 2026· 29m 0s· 6 players
Game mode
Random Map
Map size
Normal (6 player)
Population
200
Speed
Normal
Resources
Standard
Victory
Conquest
Starting age
Dark Age
Ending age
Imperial Age
RankedLock teamsTeams togetherTeam positionsShared explorationLock speedFull tech treeHidden civsTurbo modeCheats
Victory
Defeat
🇪🇸 Tupi · Spain
801
+18
🇨🇴 Vietnamese · Colombia
792
+19
🇲🇽 Sicilians · Mexico
732
+21
🇺🇸 Burgundians · United States
861
-20
🇺🇸 Franks · United States
860
-20
🇮🇳 Celts · India
821
-18
iD SharKy
14:54 Feudal Age
22:07 Arson
22:36 Forging
Mameluco
4:30 Loom
11:28 Feudal Age
19:34 Castle Age
18:39 Double-Bit Axe
18:49 Stone Mining
23:54 Fletching
24:22 Bow Saw
25:23 Gold Mining
Fulgur
5:20 Loom
14:57 Feudal Age
17:30 Double-Bit Axe
20:54 Castle Age
19:58 Fletching
20:28 Loom
22:32 Town Watch
23:23 Wheelbarrow
22:33 Horse Collar
24:04 Bodkin Arrow
25:49 Ballistics
25:02 Crossbowman
27:47 Bodkin Arrow
28:03 Forging
29:09 Padded Archer Armor
WaterPipePimp
4:17 Loom
13:18 Feudal Age
13:32 Double-Bit Axe
13:56 Fishing Lines
20:29 Castle Age
20:14 Bow Saw
20:54 Wheelbarrow
20:36 Horse Collar
22:22 Squires
22:20 Stone Mining
23:54 Light Cavalry
bastull
15:50 Feudal Age
16:17 Double-Bit Axe
17:39 Wheelbarrow
16:48 Fishing Lines
17:32 Scale Barding Armor
18:04 Forging
18:24 Gold Mining
22:45 Castle Age
20:51 Stone Mining
22:03 Fletching
22:14 Padded Archer Armor
24:07 Hand Cart
24:04 Bow Saw
24:47 Iron Casting
25:12 Gold Shaft Mining
DreamedEagle635
0:28 Loom
14:40 Feudal Age
Connection lost

Rejoining the realm…

Still unreachable

The connection could not be restored.

Session expired

The server has moved on; the page needs a fresh start.